Map: Nightshade LE

Players

Hurricane

  • Race: Protoss Protoss
  • League: Master
  • Spawn Location: 11:00

INnoVation - Winner!

  • Race: Terran Terran
  • League: Grandmaster
  • Spawn Location: 5:00

VOD

Have the link to the VOD?

Description

Time

  • Played on: Jan. 16, 2020, 4:29 a.m.
  • Length: 11:16
Show
View Real Time Build Order
Export as new Build Order

Hurricane Protoss 

Build Orders: 1 Gate Expand, Oracle Opening 

Get SALT Encoding   

  12  0:00  Probe  
  13  0:12  Probe  
  14  0:17  Pylon  
  14  0:25  Probe (Chrono Boost)  
  15  0:36  Gateway  
  15  0:37  Probe (Chrono Boost)  
  16  0:44  Probe (Chrono Boost)  
  16  0:46  Assimilator  
  17  0:51  Probe  
  18  1:03  Probe  
  19  1:15  Probe  
  20  1:23  Nexus  
  20  1:33  Cybernetics Core  
  20  1:34  Probe  
  21  1:41  Assimilator  
  21  1:46  Probe  
  22  1:51  Pylon  
  22  1:58  Probe  
  23  2:10  Probe  
  23  2:11  Stargate  
  23  2:12  Adept (Chrono Boost)  
  26  2:23  Probe  
  26  2:24  Warp Gate  
  27  2:35  Probe (Chrono Boost), Adept  
  27  2:36  Probe (Chrono Boost)  
  32  2:45  Probe x2 (Chrono Boost)  
  32  2:50  Probe (Chrono Boost)  
  33  2:53  Probe  
  33  2:56  Oracle (Chrono Boost)  
  38  3:01  Probe  
  38  3:05  Probe  
  40  3:06  Adept  
  40  3:10  Pylon  
  42  3:15  Probe  
  43  3:27  Probe, Oracle (Chrono Boost)  
  43  3:31  Probe  
  47  3:36  Gateway  
  47  3:39  Probe  
  48  3:43  Probe  
  48  3:48  Gateway  
  49  3:51  Pylon  
  49  3:52  Robotics Facility  
  49  4:00  Probe x2  
  49  4:01  Assimilator  
  51  4:03  Assimilator  
  51  4:12  Probe x2, Pylon  
  51  4:14  Sentry  
  55  4:19  Pylon  
  55  4:24  Probe  
  56  4:33  Probe  
  56  4:36  Probe  
  58  4:40  Stalker x2  
  58  4:42  Stalker  
  58  4:44  Immortal (Chrono Boost)  
  55  5:04  Zealot, Stalker  
  55  5:06  Stalker  
  49  5:18  Nexus  
  49  5:20  Probe x2  
  50  5:26  Observer (Chrono Boost)  
  51  5:32  Probe  
  51  5:33  Probe  
  53  5:40  Robotics Bay  
  53  5:43  Forge  
  53  5:44  Observer (Chrono Boost)  
  53  5:45  Probe x2  
  57  5:57  Probe x2  
  57  5:59  Observer  
  57  6:03  Sentry, Observer (Chrono Boost)  
  57  6:04  Zealot x2  
  65  6:09  Probe (Chrono Boost), Gateway x2  
  65  6:11  Probe (Chrono Boost)  
  67  6:14  Pylon  
  67  6:18  Observer (Chrono Boost)  
  68  6:21  Probe (Chrono Boost)  
  70  6:26  Probe (Chrono Boost)  
  70  6:28  Probe (Chrono Boost)  
  70  6:31  Probe (Chrono Boost)  
  72  6:33  Probe  
  72  6:35  Stalker x2  
  72  6:36  Disruptor (Chrono Boost)  
  72  6:39  Stalker  
  82  6:40  Probe, Observer  
  82  6:43  Probe (Chrono Boost)  
  84  6:48  Probe (Chrono Boost)  
  84  6:49  Gravitic Drive (Chrono Boost)  
  84  6:53  Protoss Ground Weapons Level 1  
  85  6:55  Probe (Chrono Boost)  
  85  6:57  Probe (Chrono Boost)  
  87  7:04  Probe (Chrono Boost), Warp Prism (Chrono Boost)  
  87  7:05  Probe (Chrono Boost)  
  87  7:06  Probe (Chrono Boost)  
  91  7:10  Probe  
  91  7:12  Twilight Council  
  91  7:13  Probe  
  93  7:18  Probe  
  94  7:23  Probe  
  94  7:25  Probe  
  94  7:26  Pylon, Gateway  
  94  7:29  Gateway  
  96  7:30  Probe  
  96  7:31  Gateway  
  97  7:37  Pylon, Sentry  
  97  7:41  Pylon  
  97  7:43  Disruptor (Chrono Boost)  
  102  7:47  Sentry  
  102  7:48  Stalker x2  
  108  7:53  Nexus  
  108  7:55  Assimilator  
  108  7:57  Assimilator  
  108  8:01  Robotics Facility  
  108  8:08  Disruptor (Chrono Boost)  
  108  8:11  Probe x3  
  114  8:14  Pylon  
  114  8:18  Pylon  
  114  8:20  Stalker x2  
  114  8:21  Stalker  
  114  8:22  Zealot x2  
  115  8:36  Probe x2  
  115  8:38  Probe  
  115  8:41  Charge (Chrono Boost), Disruptor (Chrono Boost)  
  118  8:45  Stargate  
  122  8:48  Probe x2  
  122  8:50  Probe  
  124  9:00  Immortal (Chrono Boost)  
  126  9:02  Probe (Chrono Boost)  
  126  9:03  Probe (Chrono Boost)  
  126  9:07  Probe (Chrono Boost)  
  132  9:12  Probe (Chrono Boost), Immortal (Chrono Boost)  
  132  9:15  Pylon  
  132  9:16  Probe (Chrono Boost)  
  139  9:17  Probe x2 (Chrono Boost)  
  139  9:18  Observer  
  139  9:20  Probe (Chrono Boost)  
  139  9:22  Probe  
  138  9:27  Zealot x3  
  138  9:28  Zealot  
  138  9:29  Stalker  
  138  9:30  Sentry  
  151  9:31  Immortal  
  151  9:36  Immortal  
  148  10:02  Zealot x3, Templar Archives  
  148  10:03  Zealot x5  
  161  10:19  Pylon x2  
  161  10:21  Pylon  
  161  10:28  Pylon  
  161  10:36  Immortal (Chrono Boost)  
  161  10:38  Immortal (Chrono Boost)  
  155  10:45  Zealot x7  
  155  10:46  Zealot  
Show
View Real Time Build Order
Export as new Build Order

INnoVation Terran - Winner!

Build Orders: Reaper Expand, Mech 

Get SALT Encoding   

  12  0:00  SCV  
  13  0:12  SCV  
  14  0:17  Supply Depot  
  14  0:24  SCV  
  15  0:39  SCV  
  15  0:40  Barracks  
  16  0:43  Refinery  
  16  0:51  SCV  
  17  1:03  SCV  
  18  1:15  SCV  
  19  1:27  Orbital Command, Reaper  
  20  1:40  Command Center  
  20  1:48  Supply Depot  
  20  1:52  SCV  
  21  1:58  Marine  
  22  2:05  SCV  
  23  2:08  Factory  
  23  2:13  Refinery  
  23  2:17  SCV  
  23  2:19  Barracks Reactor  
  24  2:23  Bunker  
  24  2:29  SCV  
  25  2:41  SCV  
  26  2:52  Orbital Command  
  26  2:53  Starport  
  26  2:54  SCV, Factory Tech Lab  
  26  2:56  Marine  
  26  2:57  Marine  
  29  3:06  SCV  
  29  3:12  Cyclone  
  33  3:15  Marine x2  
  33  3:18  SCV x2  
  37  3:28  Supply Depot  
  37  3:32  Marine  
  37  3:33  Marine  
  37  3:34  Viking  
  37  3:37  SCV x2  
  41  3:49  SCV x2  
  41  3:50  Marine x2  
  41  3:55  Supply Depot  
  45  4:01  Cyclone  
  48  4:05  SCV x2  
  48  4:06  Medivac  
  48  4:09  Marine x2, Supply Depot  
  54  4:17  SCV x2  
  54  4:21  Supply Depot  
  56  4:27  Marine x2  
  56  4:29  SCV x2  
  59  4:39  Siege Tank  
  59  4:41  SCV x2  
  61  4:50  Marine x2  
  61  4:53  SCV x2  
  63  5:05  SCV x2  
  65  5:13  Command Center  
  61  5:17  SCV x2  
  61  5:22  Refinery  
  61  5:24  Refinery, Siege Tank  
  61  5:26  Starport Tech Lab  
  62  5:29  SCV  
  62  5:30  SCV, Supply Depot  
  62  5:33  Factory  
  64  5:42  SCV x2  
  66  5:47  Engineering Bay  
  66  5:54  SCV x2  
  66  5:55  Raven  
  70  6:06  SCV x2  
  70  6:09  Factory  
  72  6:17  Missile Turret  
  72  6:18  SCV x2, Siege Tank  
  74  6:19  Missile Turret  
  74  6:23  Refinery, Hellion x2  
  74  6:24  Refinery  
  74  6:25  Barracks Reactor  
  81  6:30  SCV x2  
  83  6:34  Supply Depot  
  83  6:42  SCV x2  
  85  6:47  Hellion x2  
  85  6:50  Siege Tank  
  85  6:52  Armory  
  85  6:54  SCV x2, Armory  
  92  6:58  Orbital Command  
  94  7:06  SCV x2  
  96  7:12  Siege Tank  
  96  7:14  Hellion x2  
  103  7:18  SCV x2  
  103  7:20  Factory  
  103  7:21  Factory  
  105  7:24  SCV  
  105  7:27  Supply Depot  
  105  7:28  Supply Depot  
  106  7:30  SCV, Infernal Pre-Igniter  
  106  7:31  SCV  
  108  7:41  Terran Vehicle Weapons Level 1  
  108  7:44  SCV  
  108  7:45  Terran Vehicle And Ship Armor Level 1  
  108  7:49  SCV, Hellion x2, Siege Tank  
  108  7:50  SCV, Supply Depot  
  108  7:51  Supply Depot  
  118  8:02  Siege Tank  
  119  8:05  SCV x2  
  119  8:11  Missile Turret, Hellion x2  
  124  8:14  Factory Tech Lab  
  124  8:15  Missile Turret  
  124  8:16  Viking  
  124  8:18  Hellion x2  
  130  8:20  SCV x2  
  130  8:21  SCV, Siege Tank  
  130  8:25  Supply Depot  
  130  8:26  Supply Depot  
  127  8:35  Siege Tank x2  
  127  8:36  Hellion x2  
  127  8:40  Hellion x2  
  141  8:42  Supply Depot  
  141  8:46  SCV  
  142  8:48  Starport Reactor  
  142  8:49  Missile Turret  
  142  8:53  Siege Tank  
  142  8:55  Supply Depot  
  145  8:56  Supply Depot  
  145  8:58  Hellion x2  
  145  9:01  Hellion x2  
  153  9:07  Siege Tank x2  
  153  9:09  Smart Servos  
  159  9:11  Supply Depot  
  159  9:25  Liberator x2  
  159  9:26  Hellion x4  
  167  9:32  Command Center  
  161  9:44  Siege Tank  
  170  9:47  Siege Tank  
  165  9:56  Siege Tank  
  165  9:59  Hellion x2  
  176  10:00  Hellion x2  
  176  10:05  Supply Depot x2  
  176  10:06  Hellion  
  176  10:10  Refinery  
  176  10:17  Refinery  
  176  10:18  Siege Tank  
  176  10:19  Siege Tank  
  182  10:22  Hellion  
  182  10:23  Hellion x2  
  182  10:27  Hellion  
  182  10:28  Supply Depot, Siege Tank  
  193  10:29  Supply Depot  
Tags
 
Add a new tag
Caveats
  • Supply blocks, unpowered buildings, or Contaminate may cause inaccurate times.
  • Supply counts are checked every 10 seconds.